 Dungeon Crawl Stone Soup version 0.12.2-12-gd1dd697 (webtiles) character file.

290 Gabry the Cudgeler (level 5, -1/55 HPs)
             Began as an Ogre Berserker on July 18, 2013.
             Was a Believer of Trog.
             Slain by Prince Ribbit (4 damage)
             ... on Level 5 of the Dungeon.
             The game lasted 00:20:02 (1614 turns).

Gabry the Cudgeler (Ogre Berserker)                 Turns: 1614, Time: 00:20:02

HP  -1/55        AC  4     Str 22      XL: 5   Next: 57%
MP   4/4         EV 11     Int  6      God: Trog [**....]
Gold 113         SH  0     Dex 10      Spells:  0 memorised,  4 levels left

Res.Fire  : . . .   See Invis. : .   a - +0 mace
Res.Cold  : . . .   Warding    : .   b - +1 animal skin
Life Prot.: . . .   Conserve   : .   (shield restricted)
Res.Poison: .       Res.Corr.  : .   (helmet restricted)
Res.Elec. : .       Clarity    : +   (no cloak)
Sust.Abil.: . .     Spirit.Shd : .   (gloves unavailable)
Res.Mut.  : .       Stasis     : .   (boots unavailable)
Res.Rott. : .       Ctrl.Telep.: .   l - amulet of clarity
Saprovore : + . .   Flight     : .   (no ring)
                                     (no ring)

@: slightly resistant to hostile enchantments, unstealthy
A: unfitting armour, fast metabolism 1, saprovore 1, tough skin 1
a: Burn Spellbooks, Berserk, Trog's Hand, Renounce Religion


You were on level 5 of the Dungeon.
You worshipped Trog.
Trog was most pleased with you.
You were not hungry.

You visited 1 branch of the dungeon, and saw 5 of its levels.

You collected 123 gold pieces.
You spent 30 gold pieces at shops.

Inventory:

Hand weapons
 a - a +0,+0 mace (weapon)
 i - a +0,+0 dagger (quivered)
 j - a +0,+0 sling
Armour
 b - a +1 animal skin (worn)
 g - a +0 orcish ring mail
 p - a +0 leather armour
Magical devices
 f - a wand of frost (7)
Comestibles
 c - 4 meat rations
 k - 2 pears
 o - a bread ration
Scrolls
 d - a scroll of remove curse
 e - a scroll of identify
 h - 2 scrolls of amnesia {unknown}
 m - a scroll of magic mapping {unknown}
Jewellery
 l - an amulet of clarity (around neck)
Potions
 n - a potion of magic


   Skills:
 + Level 5.0 Fighting
 + Level 5.0 Maces & Flails
 + Level 4.8 Dodging


You had 4 spell levels left.
You didn't know any spells.

Dungeon Overview and Level Annotations

Branches:
Dungeon (5/27)
 Temple: D:4-7

Altars:
Elyvilon
Kikubaaqudgha

Shops:
D:4: *

Annotations
D:5 Prince Ribbit


Innate Abilities, Weirdness & Mutations

You are too large for most types of armour.
You have a fast metabolism.
You can tolerate rotten meat.
You have tough skin (AC +1).


Message History

You hit Prince Ribbit.
Prince Ribbit is lightly wounded.
Prince Ribbit misses you.
You miss Prince Ribbit.
Prince Ribbit is lightly wounded.
Prince Ribbit closely misses you. Prince Ribbit misses you.
You closely miss Prince Ribbit.
Prince Ribbit is lightly wounded.
Prince Ribbit hits you. Prince Ribbit hits you!
Prince Ribbit momentarily phases out as your attack passes through him.
Prince Ribbit is lightly wounded.
Prince Ribbit hits you!
* * * LOW HITPOINT WARNING * * *
You miss Prince Ribbit.
Prince Ribbit is lightly wounded.
Prince Ribbit closely misses you.
Prince Ribbit blinks!
You closely miss Prince Ribbit.
Prince Ribbit is lightly wounded.
Prince Ribbit hits you.
You die...

#.....##...# #...#.....#.
#.....##...# #..........#
#..........# #...#.....#.
......##...# #>...#..(#.
......##...####.....###..
......##.........(.#..# .
..................#...#
......##.#.####F)[...#..#
....G...........@...#...#
......#................#.
......................#..
......#........#.........
......#........#.######.#
♣...%.##.#######.#
≈♣#...##.### #.#
P♣#..%.....# #..
♣♣.........# ###


You could see Prince Ribbit.

Vanquished Creatures
  2 hounds
  2 worker ants
  3 adders
  A worm (D:4)
  A giant eyeball (D:5)
  A giant gecko (D:2)
  An orc (D:5)
  9 bats
  2 giant cockroaches
  5 hobgoblins (D:4)
  2 quokkas
  3 giant newts
  5 goblins
  3 kobolds
  3 rats (D:2)
  A rat skeleton (D:4)
  2 plants (D:4)
46 creatures vanquished.

Vanquished Creatures (others)
  A giant cockroach (D:2)
1 creature vanquished.

Grand Total: 47 creatures vanquished

Notes
Turn   | Place    | Note
--------------------------------------------------------------
     0 | D:1      | Gabry, the Ogre Berserker, began the quest for the Orb.
     0 | D:1      | Reached XP level 1. HP: 23/23 MP: 0/0
    93 | D:2      | Reached XP level 2. HP: 30/32 MP: 1/1
   273 | D:2      | Found a white marble altar of Elyvilon.
   274 | D:2      | Noticed a big fish
   365 | D:2      | Reached XP level 3. HP: 37/39 MP: 2/2
   635 | D:4      | Found an ancient bone altar of Kikubaaqudgha.
   778 | D:4      | Found Luxiun's General Store.
   941 | D:4      | Reached XP level 4. HP: 36/48 MP: 3/3
   993 | D:4      | Acquired Trog's second power
  1033 | D:4      | Bought a scroll of remove curse for 30 gold pieces
  1209 | D:5      | Entered Level 5 of the Dungeon
  1241 | D:5      | Reached XP level 5. HP: 18/55 MP: 4/4
  1269 | D:5      | Reached skill level 5 in Maces & Flails
  1289 | D:5      | Paralysed by a giant eyeball for 2 turns
  1293 | D:5      | Paralysed by a giant eyeball for 2 turns
  1597 | D:5      | Paralysed by a giant eyeball for 2 turns
  1601 | D:5      | Noticed Prince Ribbit
  1605 | D:5      | Reached skill level 5 in Fighting
  1614 | D:5      | Slain by Prince Ribbit

Action                   |  1- 3 |  4- 6 || total
-------------------------+-------+-------++-------
Melee: Mace              |   201 |    67 ||   268
  Use: Scroll            |     4 |     5 ||     9
       Potion            |     1 |     2 ||     3
